 Dungeon Crawl Stone Soup version 0.29-a0-919-gd064cfad1c (webtiles) character file.

Game seed: 18111315018351926278

326 IdlyInterested the Chopper (level 6, -10/46 HPs)
             Began as a Demonspawn Wanderer on July 26, 2022.
             Mangled by an ogre
             ... wielding a +0 giant club
              (15 damage)
             ... on level 4 of the Dungeon.
             The game lasted 00:10:28 (4392 turns).

IdlyInterested the Chopper (Demonspawn Wanderer)    Turns: 4392, Time: 00:10:29

Health: -10/46     AC:  9    Str: 13    XL:     6   Next: 24%
Magic:  6/6        EV:  5    Int: 15    God:
Gold:   153        SH:  4    Dex: 12    Spells: 5/5 levels left

rFire   . . .      SeeInvis .   b - +0 hand axe
rCold   . . .      Faith    .   c - +0 buckler
rNeg    . . .      Spirit   .   i - +0 chain mail
rPois   .          Reflect  .   (helmet restricted)
rElec   .          Harm     .   n - +0 cloak
rCorr   .          Rampage  .   (no gloves)
Will    .....                   (no boots)
Stlth   ..........              l - amulet of the acrobat
HPRegen 0.15/turn               (no ring)
MPRegen 0.20/turn               (no ring)

@: no status effects
A: claws 1, hooves 1, horns 1, magic regeneration
a: no special abilities


You were on level 4 of the Dungeon.
You visited 1 branch of the dungeon, and saw 4 of its levels.
You also visited: Sewer.

You collected 153 gold pieces.

Inventory:

Hand Weapons
 a - a +0 flail
 b - a +0 hand axe (weapon)
Missiles
 j - 10 poisoned darts (quivered)
Armour
 c - a +0 buckler (worn)
 i - a +0 chain mail (worn)
 n - a +0 cloak (worn)
Jewellery
 l - an amulet of the acrobat (around neck)
Scrolls
 d - a scroll of magic mapping
 f - a scroll of noise {unknown}
 m - a scroll of butterflies
 o - a scroll of blinking {unknown}
 p - a scroll of amnesia {unknown}
 r - a scroll of identify {unknown}
Potions
 e - a potion of brilliance {unknown}
 g - 4 potions of attraction
 h - 2 potions of curing {unknown}
 k - a potion of resistance {unknown}
 q - 3 potions of lignification {unknown}


   Skills:
 + Level 2.8 Fighting
 * Level 4.8(5.2) Axes
 - Level 2.6(4.1) Maces & Flails
 - Level 1.0 Throwing
 * Level 1.6 Armour
 - Level 1.0 Dodging
 - Level 1.0 Stealth
 - Level 2.0 Shields
 - Level 1.2 Invocations
 - Level 1.0 Evocations


You had 5 spell levels left.
You didn't know any spells.
Your spell library contained the following spells:

 Spells                   Type           Power      Damage    Failure   Level
 Magic Dart               Conj           0%         1d3       100%        1
 Call Imp                 Summ           0%         N/A       100%        2
 Mephitic Cloud           Conj/Pois/Air  0%         N/A       100%        3


Dungeon Overview and Level Annotations

Branches:
Dungeon (4/15)              Sewer (visited)
 Temple: D:4-7

Altars:

Shops:
D:2 =


Innate Abilities, Weirdness & Mutations

You have sharp fingernails.
You have large cloven feet.
You have a pair of small horns on your head.
You regenerate magic rapidly.


Message History

There is an empty arch of ancient stone here.
There is a gate leading back out of this place here.
Welcome back to the Dungeon!
There is a collapsed entrance here.
You enter the shallow water.
Moving in this stuff is going to be slow.
r - a scroll labelled JIQONG GARCH
Found a stone staircase leading up.
A goblin comes into view. It is wielding a +0 club.
The goblin shouts!
There is a stone staircase leading up here.
You closely miss the goblin. Your kick misses the goblin.
You block the goblin's attack. The goblin hits you with a +0 club.
You hit the goblin.
You headbutt the goblin, but do no damage.
The goblin is heavily wounded.
The goblin barely misses you.
You hit the goblin.
You kill the goblin!
HP restored.
You now have 153 gold pieces (gained 9).
An ogre comes into view. It is wielding a +0 giant club.
The ogre shouts!
You barely miss the ogre. Your kick misses the ogre.
The ogre hits you with a +0 giant club!
You hit the ogre. You kick the ogre.
The ogre is moderately wounded.
You hit the ogre. You kick the ogre, but do no damage.
The ogre is moderately wounded.
The ogre hits you with a +0 giant club!
You hit the ogre. You kick the ogre. You headbutt the ogre.
The ogre is severely wounded.
The ogre hits you with a +0 giant club!!
* * * LOW HITPOINT WARNING * * *
You barely miss the ogre. Your kick misses the ogre.
The ogre is severely wounded.
You hit the ogre. Your kick misses the ogre.
The ogre is severely wounded.
The ogre hits you with a +0 giant club!
You die...

#.# *#.#.###.#..# #.#
#....##.#..# *****#.#
#.....#.#..# ,,,,,#.#
#####....##.#... ****,#.*
#..............# *,*,*
#.#######.###### *,*,* #.#
#.###### *,*,**#########.#
#.<).... *,*,,,......O@..#
#.###### *,****#########.#
#.# *,* #.# #.# *,*
#.#######.# *,*
####.........#
**,*********#...........##
*,,,,,,,,.....#########.#
*,,******####,* #.# *,,*
*,,,,,,,,* #.#


You could see an ogre.

Vanquished Creatures
  Pargi (Sewer)
  A phantom (D:3)
  6 adders
  4 worms
  A dart slug (D:1)
  An orc (D:4)
  9 ball pythons
  10 bats
  4 endoplasms
  4 giant cockroaches
  7 goblins
  7 hobgoblins
  7 jackals
  9 kobolds
  2 quokkas (D:1)
  6 frilled lizards
  7 rats
86 creatures vanquished.

Vanquished Creatures (others)
  A fungus (D:1)
  12 plants
13 creatures vanquished.

Grand Total: 99 creatures vanquished

Notes
Turn   | Place    | Note
-------+----------+-------------------------------------------
     0 | D:1      | IdlyInterested the Demonspawn Wanderer began the quest for
                  | the Orb.
     0 | D:1      | IdlyInterested set off with the following items: a +0
                  | flail, a +0 hand axe, a +0 buckler, a potion of berserk
                  | rage, a +0 robe.
     0 | D:1      | Reached XP level 1. HP: 13/13 MP: 1/1
   340 | D:1      | Discovered your monstrous ancestry.
   340 | D:1      | Gained mutation: You have a pair of small horns on your
                  | head. [demonic ancestry]
   340 | D:1      | Reached XP level 2. HP: 20/20 MP: 2/2
   344 | D:1      | Reached skill level 1 in Stealth
   359 | D:1      | Reached skill level 3 in Axes
   799 | D:1      | Reached skill level 1 in Fighting
   895 | D:1      | Found a faded altar of an unknown god.
  1025 | D:1      | Gained mutation: You have large cloven feet. [demonic
                  | ancestry]
  1025 | D:1      | Reached XP level 3. HP: 25/26 MP: 3/3
  1645 | D:2      | Reached skill level 1 in Throwing
  1938 | D:2      | Gained mutation: You have sharp fingernails. [demonic
                  | ancestry]
  1938 | D:2      | Reached XP level 4. HP: 32/32 MP: 4/4
  2194 | D:2      | Reached skill level 1 in Dodging
  2201 | D:2      | Found Juanler's Jewellery Shop.
  2736 | D:3      | Noticed a phantom
  2752 | D:3      | Killed a phantom
  2753 | D:3      | Reached skill level 4 in Axes
  2753 | D:3      | Gained mutation: You regenerate magic rapidly. [demonic
                  | ancestry]
  2753 | D:3      | Reached XP level 5. HP: 32/39 MP: 5/5
  3787 | D:4      | Found a glowing drain.
  3908 | Sewer    | Entered a sewer
  3953 | Sewer    | Noticed Pargi
  3971 | Sewer    | Killed Pargi
  3972 | Sewer    | Reached skill level 1 in Armour
  3972 | Sewer    | Reached XP level 6. HP: 26/46 MP: 6/6
  4392 | D:4      | Mangled by an ogre

Illustrated notes

Levels and vault maps discovered:
D:1:      dpeg_arrival_tiny_h, layout_basic,
          shapermc_ecumenical_altar_mp_urbaneastern
D:2:      layout_basic, serial_forest, infiniplex_forest_lined_3,
          infiniplex_forest_clump_long, infiniplex_forest_end_1,
          infiniplex_forest_end_2, infiniplex_forest_straight_4,
          infiniplex_forest_corner_1, infiniplex_forest_lined_1, serial_shops,
          shop
D:3:      layout_loops_corners
D:4:      layout_loops_ring, cheibrodos_sewer_entry_bend

Skill      XL: |  1  2  3  4  5 |
---------------+----------------+-----
Stealth        | 1 |  1.0
Axes           | 3 4 |  4.8
Fighting       | 1 2 |  2.8
Throwing       | 1 |  1.0
Dodging        | 1 |  1.0
Shields        | 2 |  2.0
Armour         | 1 |  1.6
Maces & Flails | |  2.6
Invocations    | |  1.2
Evocations     | |  1.0

Action                   |  1- 3 |  4- 6 || total
-------------------------+-------+-------++-------
Melee: Hand axe          |   163 |   147 ||   310
       Headbutt          |    21 |    19 ||    40
       Kick              |    12 |    30 ||    42
Throw: Dart              |       |     3 ||     3
  Use: Scroll            |     1 |     2 ||     3
       Potion            |     1 |     1 ||     2
Armor: Scale mail        |    98 |    21 ||   119
       Robe              |     1 |       ||     1
       Chain mail        |       |    54 ||    54
Dodge: Dodged            |    78 |    60 ||   138
Block: Buckler           |    34 |    20 ||    54

Table legend: (Time is in decaauts)
 A = Elapsed time spent in this place.
 B = Non-inter-level travel time spent in this place.
 C = Inter-level travel time spent in this place.
 D = Time resting spent in this place.
 E = Time spent auto-exploring this place.
 F = Levels seen in this place.
 G = Mean time per level.
                   A        B        C        D        E       F      G
               +--------+--------+--------+--------+--------+-----+--------+
         Total |   4454 |   3968 |    486 |    758 |   2169 |   5 |  890.8 |
       Dungeon |   4063 |   3577 |    486 |    536 |   2117 |   4 | 1015.8 |
         Sewer |    391 |    391 |      0 |    222 |     52 |   1 |  391.0 |
               +--------+--------+--------+--------+--------+-----+--------+

Top non-repeatable levels by time:
     D:1: 1465 daAuts
     D:2: 1241 daAuts
     D:3: 1045 daAuts
   Sewer: 391 daAuts
     D:4: 311 daAuts
